 Dungeon Crawl Stone Soup version 0.30-a0-34-gbe8da3892a (webtiles) character file.

Game seed: 6081319721012820558

10 frimble the Gusty (level 2, -2/19 HPs)
             Began as a Demonspawn Air Elementalist on Aug 27, 2022.
             Slain by an orc
             ... wielding a +0 flail
              (3 damage)
             ... on level 3 of the Dungeon.
             The game lasted 00:00:45 (618 turns).

frimble the Gusty (Demonspawn Air Elementalist)      Turns: 618, Time: 00:00:45

Health: -2/19      AC:  2    Str:  8    XL:     2   Next: 10%
Magic:  1/5        EV: 12    Int: 16    God:
Gold:   11         SH:  0    Dex: 13    Spells: 4/5 levels left

rFire   . . .      SeeInvis .    h - +0 short sword
rCold   . . .      Faith    .    (no shield)
rNeg    . . .      Spirit   .    a - +0 robe
rPois   .          Reflect  .    (helmet restricted)
rElec   .          Harm     .    (no cloak)
rCorr   .          Rampage  .    (no gloves)
Will    .....                    (no boots)
Stlth   ++........               (no amulet)
HPRegen 0.06/turn                g - ring of flight
MPRegen 0.09/turn                (no ring)

@: flying, very slightly contaminated, hasted, very quick
A: antennae 1
a: no special abilities


You were on level 3 of the Dungeon.
You visited 1 branch of the dungeon, and saw 3 of its levels.

You collected 11 gold pieces.

Inventory:

Hand Weapons
 h - a +0 short sword (weapon)
Armour
 a - a +0 robe (worn)
Jewellery
 g - a ring of flight (left hand)
Scrolls
 d - a scroll of silence {unknown}
 e - a scroll of amnesia {unknown}
 f - a scroll of identify {unknown}


   Skills:
 - Level 1.8 Dodging
 - Level 1.8 Stealth
 - Level 2.0 Spellcasting
 + Level 2.1 Conjurations
 - Level 2.7 Air Magic


You had 4 spell levels left.
You knew the following spells:

 Your Spells              Type           Power      Damage    Failure   Level
a - Shock                 Conj/Air       36%        1d5       8%          1

Your spell library contained the following spells:

 Spells                   Type           Power      Damage    Failure   Level
 Static Discharge         Conj/Air       18%        3-5/arc   12%         2
 Swiftness                Air            10%        N/A       21%         3
 Airstrike                Air            5%         2d(1-17)  56%         4


Dungeon Overview and Level Annotations

Branches:
Dungeon (3/15)

Altars:

Annotations:
D:2 Terence


Innate Abilities, Weirdness & Mutations

You have a pair of small antennae on your head.


Message History

The orc completely misses you.
Aiming: Shock (safe; 8% risk of failure)
Press: ? - help, Q - select action Shift-Dir - straight line, f/p - orc wizard
Aim: an orc wizard, wielding a +0 dagger and wearing a +0 robe (moderately wounded, 60% to hit)
The zap misses the orc.
The zap hits the orc wizard.
The orc wizard is heavily wounded.
The orc closely misses you.
Aiming: Shock (safe; 8% risk of failure)
Press: ? - help, Q - select action Shift-Dir - straight line, f/p - orc wizard
Aim: an orc wizard, wielding a +0 dagger and wearing a +0 robe (heavily wounded, 60% to hit)
You miscast Shock.
Nothing appears to happen.
The orc misses you.
You hit the orc but do no damage.
The orc is almost dead.
The orc hits you with a +0 flail.
You aren't carrying any items that you can evoke.
It was a potion of haste.
You feel yourself speed up. The orc hits you with a +0 flail!
* * * LOW HITPOINT WARNING * * *
You hit the orc but do no damage.
The orc is severely wounded.
You barely miss the orc.
The orc is severely wounded.
The orc wizard gestures wildly while chanting.
The orc wizard flickers and vanishes!
Deactivating autopickup; reactivate with Ctrl-A.
The orc hits you but does no damage.
You hit the orc but do no damage.
The orc is severely wounded.
The orc misses you.
You hit the orc.
The orc is almost dead.
The orc hits you with a +0 flail.
* * * LOW HITPOINT WARNING * * *
You completely miss the orc.
The orc is almost dead.
You closely miss the orc. Your punch misses the orc.
The orc is almost dead.
The orc hits you with a +0 flail.
You die...

..# #
..#.#
##)#.#
....
###.#
#<..#
#.#{#
...#o#
#######@#
........#
###...#.#
........#
###.....#
#.....#
#....)#
#.....#
#......


You could see an orc.

Vanquished Creatures
  2 orcs (D:3)
  2 ball pythons (D:1)
  A goblin (D:1)
  A kobold (D:1)
  A quokka (D:1)
7 creatures vanquished.

Notes
Turn   | Place    | Note
-------+----------+-------------------------------------------
     0 | D:1      | frimble the Demonspawn Air Elementalist began the quest for
                  | the Orb.
     0 | D:1      | Reached XP level 1. HP: 13/13 MP: 3/3
   571 | D:1      | You are sucked into a shaft and drop 1 floor!
   587 | D:2      | Noticed Terence
   597 | D:3      | Noticed an orc wizard
   605 | D:3      | Gained mutation: You have a pair of small antennae on your
                  | head. [demonic ancestry]
   605 | D:3      | Reached XP level 2. HP: 19/19 MP: 0/5
   618 | D:3      | Slain by an orc

Illustrated notes

Levels and vault maps discovered:
D:1:      noname_arrival_rooms_in_the_neighbourhood, layout_loops_corners
D:2:      layout_loops_ring, uniq_terence
D:3:      minmay_door_path, layout_basic, mainiacjoe_overflow_catwalk,
          serial_bayou_lagoon_a, dreamdust_princess_bridge, nicolae_titane

Skill      XL: |  1 |
---------------+----+-----
Conjurations   | 2 |  2.1
Dodging        | |  1.8
Stealth        | |  1.8
Spellcasting   | |  2.0
Air Magic      | |  2.7

Action                   || total
-------------------------++-------
Melee: Short sword       ||    16
       Unarmed           ||     8
       Punch             ||     1
 Cast: Shock             ||    10
  Use: Potion            ||     2
Armor: Robe              ||     2
Dodge: Dodged            ||    19

Table legend: (Time is in decaauts)
 A = Elapsed time spent in this place.
 B = Non-inter-level travel time spent in this place.
 C = Inter-level travel time spent in this place.
 D = Time resting spent in this place.
 E = Time spent auto-exploring this place.
 F = Levels seen in this place.
 G = Mean time per level.
                   A        B        C        D        E       F      G
               +--------+--------+--------+--------+--------+-----+--------+
         Total |    616 |    605 |     11 |      0 |    528 |   3 |  205.3 |
       Dungeon |    616 |    605 |     11 |      0 |    528 |   3 |  205.3 |
               +--------+--------+--------+--------+--------+-----+--------+

Top non-repeatable levels by time:
     D:1: 570 daAuts
     D:2: 22 daAuts
     D:3: 22 daAuts
